 Dungeon Crawl Stone Soup version 0.29.1-1-gd02db6906a (webtiles) character file.

Game seed: 4447885733988591185

56 MisterFreud the Twirler (level 4, -2/33 HPs)
             Began as a Formicid Gladiator on Oct 10, 2022.
             Was an Initiate of Yredelemnul.
             Succumbed to a scorpion's poison
             ... on level 5 of the Dungeon.
             The game lasted 00:02:04 (2288 turns).

MisterFreud the Twirler (Formicid Gladiator)        Turns: 2288, Time: 00:02:05

Health: -2/33      AC:  4    Str: 21    XL:     4   Next: 17%
Magic:  4/4        EV: 12    Int:  7    God:    Yredelemnul [......]
Gold:   153        SH:  0    Dex: 15    Spells: 3/3 levels left

rFire   . . .      SeeInvis +   a - +1 quarterstaff
rCold   . . .      Faith    .   (no shield)
rNeg    . . .      Spirit   .   b - +1 leather armour
rPois   .          Reflect  .   (helmet unavailable)
rElec   .          Harm     .   (no cloak)
rCorr   .          Rampage  .   (no gloves)
Will    .....                   (no boots)
Stlth   +.........              (no amulet)
HPRegen 0.11/turn               (no ring)
MPRegen 0.09/turn               (no ring)

@: lethally poisoned (-2 -> -27)
A: permanent stasis, dig shafts and tunnels, antennae 3, four strong arms
a: Dig, Shaft Self, Renounce Religion, Recall Undead Harvest


You were on level 5 of the Dungeon.
You worshipped Yredelemnul.
Yredelemnul was noncommittal.
You visited 1 branch of the dungeon, and saw 5 of its levels.

You collected 153 gold pieces.

Inventory:

Hand Weapons
 a - a +1 quarterstaff (weapon)
Missiles
 c - 3 throwing nets
 d - 9 javelins (quivered)
Armour
 b - a +1 leather armour (worn)
Jewellery
 o - an amulet of faith
Scrolls
 g - 4 scrolls of enchant weapon
 m - a scroll of identify {unknown}
Potions
 f - a potion of heal wounds {unknown}
 h - a potion of might {unknown}
 i - a potion of haste {unknown}
 j - a potion of flight {unknown}
 k - a potion of invisibility {unknown}
 l - a potion of mutation {unknown}
 n - a potion of curing {unknown}


   Skills:
 - Level 2.1 Fighting
 + Level 4.7 Staves
 - Level 2.0 Throwing
 - Level 2.6 Dodging


You had 3 spell levels left.
You didn't know any spells.
Your spell library was empty.

Dungeon Overview and Level Annotations

Branches:
Dungeon (6/15)
 Temple: D:4-7

Altars:
Gozag
Kikubaaqudgha
Sif Muna
Yredelemnul


Innate Abilities, Weirdness & Mutations

You cannot be hasted, slowed, berserked, paralysed or teleported.
You can dig through walls and to a lower floor.
You have a pair of large antennae on your head. (SInv)
Your four strong arms can wield two-handed weapons with a shield.


Message History

A black bear comes into view.
Found an ivory wand.
The black bear growls angrily.
Found 8 gold pieces.
A black bear comes into view.
The black bear growls angrily.
There is a stone staircase leading up here.
You climb upwards.
There is a stone staircase leading down here.
You start resting.
HP restored.
o - an amulet of faith You sense a monster nearby.
A scorpion comes into view.
A scorpion is nearby!
You closely miss the scorpion. The scorpion stings you.
You are poisoned.
The scorpion poisons you!
You hit the scorpion but do no damage.
You feel very sick. The scorpion stings you.
You closely miss the scorpion.
You feel sick. The scorpion closely misses you.
You hit the scorpion but do no damage. Your punch misses the scorpion.
You feel sick. The scorpion closely misses you. The scorpion stings you.
You hit the scorpion.
The scorpion is moderately wounded.
You feel sick. The scorpion stings you.
You are lethally poisoned!
The scorpion poisons you!
You barely miss the scorpion.
The scorpion is moderately wounded.
* * * LOW HITPOINT WARNING * * *
You feel very sick. The scorpion stings you.
* * * LOW HITPOINT WARNING * * *
You are more poisoned.
The scorpion poisons you!
It was a potion of magic.
Magic courses through your body.
You die...
Your body rises from the dead as a mindless zombie.

####....#...######.##
##.#.##### #...#
#.#.# #.#.# ....#
#...# ## ### #.###
#.# { ###.# ##.#.#
#.s@.# +.......#
####....# ##.#.#
###.# #.# #.# .#


You could see a scorpion.

Vanquished Creatures
  A worm (D:2)
  3 dart slugs
  5 ball pythons
  5 endoplasms (D:2)
  7 goblins
  2 hobgoblins
  4 jackals (D:2)
  2 bats
  A frilled lizard (D:2)
  7 kobolds
  8 rats
45 creatures vanquished.

Vanquished Creatures (collateral kills)
  A goblin (D:1)
1 creature vanquished.

Grand Total: 46 creatures vanquished

Notes
Turn   | Place    | Note
-------+----------+-------------------------------------------
     0 | D:1      | MisterFreud the Formicid Gladiator began the quest for the
                  | Orb.
     0 | D:1      | Reached XP level 1. HP: 16/16 MP: 1/1
   113 | D:1      | Reached XP level 2. HP: 20/22 MP: 2/2
   367 | D:1      | Found a faded altar of an unknown god.
   510 | D:1      | Reached skill level 4 in Staves
   510 | D:1      | Reached XP level 3. HP: 23/27 MP: 3/3
  1215 | D:2      | Found an ancient bone altar of Kikubaaqudgha.
  1554 | D:2      | Reached XP level 4. HP: 13/33 MP: 4/4
  1557 | D:2      | You fall into a shaft and drop 1 floor!
  1825 | D:3      | Found an opulent altar of Gozag.
  1872 | D:3      | Found a basalt altar of Yredelemnul.
  1872 | D:3      | Found a shimmering blue altar of Sif Muna.
  1915 | D:3      | Became a worshipper of Yredelemnul the Dark
  1979 | D:3      | You fall into a shaft and drop 3 floors!
  2098 | D:6      | Noticed a black bear
  2100 | D:6      | Noticed a black bear
  2105 | D:5      | Entered Level 5 of the Dungeon
  2280 | D:5      | Noticed a scorpion
  2288 | D:5      | Succumbed to a scorpion's poison

Illustrated notes

Levels and vault maps discovered:
D:1:      psy_arrival_spokes, layout_basic,
          chequers_ecumenical_altar_simple_redux
D:2:      layout_basic, basic_altar, hex_large, chequers_serial_rivers_micro_c
D:3:      layout_rooms, nicolae_gozag_cash_rules_everything_around_me,
          gammafunk_temple_overflow_statue
D:5:      layout_loops_corners, general_overflow_altar, uniq_duvessa
D:6:      layout_basic, minmay_temple_entry_statues, st_stairs_6

Skill      XL: |  1  2 |
---------------+-------+-----
Staves         | 4 |  4.7
Fighting       | |  2.1
Throwing       | |  2.0
Dodging        | |  2.6

Action                   |  1- 3 |  4- 6 || total
-------------------------+-------+-------++-------
Melee: Quarterstaff      |    88 |    18 ||   106
       Punch             |     1 |       ||     1
 Abil: Shaft Self        |       |     2 ||     2
  Use: Scroll            |     6 |       ||     6
       Potion            |       |     1 ||     1
 Stab: Sleeping          |     2 |       ||     2
Armor: Leather armour    |    15 |     5 ||    20
Dodge: Dodged            |    69 |    19 ||    88
